 Dungeon Crawl Stone Soup version 0.26-b1-32-g5d43845318 (webtiles) character file.

Game seed: 16730542961545708654

47 Borgoz the Cudgeller (level 3, -8/22 HPs)
             Began as a Gargoyle Gladiator on Jan 11, 2021.
             Mangled by Sigmund
             ... wielding a +4 scythe of protection
              (10 damage)
             ... on level 2 of the Dungeon.
             The game lasted 00:01:31 (1255 turns).

Borgoz the Cudgeller (Gargoyle Gladiator)           Turns: 1255, Time: 00:01:31

Health: -8/22      AC:  7    Str: 17    XL:     3   Next: 70%
Magic:  3/3        EV: 12    Int:  8    God:
Gold:   83         SH:  0    Dex: 12    Spells: 2/2 levels left

rFire    + . .     SeeInvis .   a - +0 flail
rCold    + . .     Faith    .   (no shield)
rNeg     + . .     Spirit   .   b - +0 leather armour
rPois    ∞         Reflect  .   i - +0 helmet
rElec    +         Harm     .   (no cloak)
rCorr    +         Rampage  .   (no gloves)
Will     .....     Rnd*Tele +   (no boots)
Stlth    +.........             (no amulet)
HPRegen  0.07/turn              f - ring of teleportation (curse)
MPRegen  0.08/turn              (no ring)

@: resistant
A: negative energy resistance 1, electricity resistance, unbreathing,
petrification resistance, miasma immunity, AC +3
a: no special abilities


You were on level 2 of the Dungeon.
You visited 1 branch of the dungeon, and saw 2 of its levels.

You collected 83 gold pieces.

Inventory:

Hand Weapons
 a - a +0 flail (weapon)
Missiles
 d - 3 throwing nets (quivered)
Armour
 b - a +0 leather armour (worn)
 i - a +0 helmet (worn)
Jewellery
 f - a cursed ring of teleportation (left hand)
Wands
 e - a wand of acid (7)
 j - a wand of flame (7)
Scrolls
 g - 3 scrolls of identify
Potions
 h - a potion of invisibility {unknown}


   Skills:
 + Level 2.6 Fighting
 * Level 3.5 Maces & Flails
 - Level 1.7 Throwing
 + Level 1.2 Armour
 * Level 2.9 Dodging


You had 2 spell levels left.
You didn't know any spells.
Your spell library was empty.

Dungeon Overview and Level Annotations

Branches:
Dungeon (2/15)

Altars:
Cheibriados
Xom
Zin
The Shining One

Annotations:
D:2 Sigmund


Innate Abilities, Weirdness & Mutations

You are resistant to torment.
Your stone body is resilient. (AC +3)
You are immune to poison.
You resist negative energy. (rN+)
You are resistant to electric shocks. (rElec)
You can survive without breathing.
You are immune to petrification.
You are immune to miasma.


Message History

A hobgoblin comes into view.
Sigmund closely misses you.
Found 17 arrows.
There are monsters nearby!
The hobgoblin shouts!
You barely miss Sigmund. Sigmund hits you but does no damage.
You hit Sigmund but do no damage.
Sigmund hits you with a +4 scythe of protection.
You barely miss Sigmund. The hobgoblin misses you.
Sigmund hits you with a +4 scythe of protection!
Ouch! That really hurt!
You sock the hobgoblin!
You kill the hobgoblin!
Sigmund casts a spell at you. The magic dart hits you.
* * * LOW HITPOINT WARNING * * *
It was a potion of resistance.
You feel protected.
Sigmund hits you with a +4 scythe of protection!
You die...

†........ #.......# #.#
#.. ......### #.# ..
...#..# #.##.####
..#..## #........ #...##
#........ #..##
#......(.
..####..########.†......
..#.............@@......
......######.(##........
_......## #..###########
........# #.##
........###.#
......<.....#
..†......#### ........##
.......##


You could see Sigmund.

Vanquished Creatures
  4 worms (D:2)
  2 giant cockroaches
  6 goblins
  7 hobgoblins
  3 jackals (D:1)
  5 kobolds
  A bat (D:1)
  2 frilled lizards (D:2)
  3 rats
33 creatures vanquished.

Notes
Turn   | Place    | Note
-------+----------+-------------------------------------------
     0 | D:1      | Borgoz the Gargoyle Gladiator began the quest for the Orb.
     0 | D:1      | Reached XP level 1. HP: 12/12 MP: 1/1
   134 | D:1      | Reached XP level 2. HP: 14/18 MP: 2/2
   285 | D:1      | Found a glowing golden altar of the Shining One.
   688 | D:2      | Found a shimmering altar of Xom.
   688 | D:2      | Noticed an angel
   710 | D:2      | Reached skill level 1 in Armour
   722 | D:2      | Reached XP level 3. HP: 6/22 MP: 3/3
   852 | D:2      | Found a glowing silver altar of Zin.
   974 | D:2      | Found a snail-covered altar of Cheibriados.
  1247 | D:2      | Noticed Sigmund
  1255 | D:2      | Mangled by Sigmund

Illustrated notes

Levels and vault maps discovered:
D:1:      scummos_arrival_simple_crosswalls, layout_loops_ring, tso_altar
D:2:      layout_rooms, grunt_temple_overflow_order_and_chaos_1,
          overflow_temple_1_default, uniq_sigmund

Skill      XL: |  1  2 |
---------------+-------+-----
Armour         | 1 |  1.2
Fighting       | |  2.6
Maces & Flails | |  3.5
Throwing       | |  1.7
Dodging        | |  2.9

Action                   || total
-------------------------++-------
Melee: Flail             ||   105
Throw: Throwing net      ||     1
  Use: Scroll            ||     2
       Potion            ||     2
Armor: Leather armour    ||    31
Dodge: Dodged            ||    71
